 Dungeon Crawl Stone Soup version 0.22-a0-455-ga0624bf62c (webtiles) character file.

1322 Kriby the Nimble (level 8, -7/84 HPs)
             Began as a Merfolk Skald on June 5, 2018.
             Mangled by an orc warrior
             ... wielding a +0 trident
              (20 damage)
             ... on level 5 of the Dungeon.
             The game lasted 00:07:49 (7732 turns).

Kriby the Nimble (Merfolk Skald)                    Turns: 7732, Time: 00:07:50

Health: -7/84      AC:  6    Str: 18    XL:     8   Next: 59%
Magic:  11/11      EV: 17    Int: 13    God:
Gold:   308        SH:  0    Dex: 13    Spells: 10/11 levels left

rFire    . . .     SeeInvis .   t - +0 trident
rCold    . . .     Gourm    .   (no shield)
rNeg     . . .     Faith    .   p - +0 ring mail
rPois    +         Spirit   .   y - +0 helmet
rElec    .         Reflect  .   (no cloak)
rCorr    .         Harm     .   (no gloves)
MR       .....                  (no boots)
Stlth    ..........             (no amulet)
HPRegen  0.24/turn              o - ring of poison resistance
MPRegen  0.12/turn              (no ring)

@: berserking, very quick
A: change form in water, swift swim, stealthy swim
a: no special abilities


You were on level 5 of the Dungeon.
You were very hungry.

You visited 1 branch of the dungeon, and saw 6 of its levels.

You collected 308 gold pieces.

Inventory:

Hand Weapons
 a - a +0 spear
 t - a +0 trident (weapon)
Armour
 b - a +0 leather armour
 g - a +0 plate armour
 p - a +0 ring mail (worn)
 y - a +0 helmet (worn)
Jewellery
 o - a ring of poison resistance (left hand)
Scrolls
 f - 6 scrolls of identify {@r1}
 h - a scroll of noise {unknown}
 k - a scroll of fear {unknown}
 l - 3 scrolls of remove curse {@r2}
 n - a scroll of random uselessness {unknown}
 q - 2 scrolls of teleportation {unknown}
 r - a scroll of fog {unknown}
 v - 3 scrolls of amnesia {unknown}
 w - a scroll of enchant weapon {unknown}
 x - a scroll of enchant armour {unknown}
Potions
 c - a potion of brilliance
 j - a potion of degeneration
Comestibles
 d - 12 rations {@e1}


   Skills:
 - Level 2.1 Fighting
 + Level 8.8 Polearms
 - Level 0.6 Armour
 * Level 11.0 Dodging
 - Level 2.0 Spellcasting
 - Level 3.2 Charms


You had 10 spell levels left.
You knew the following spells:

 Your Spells              Type           Power        Failure   Level  Hunger
a - Infusion              Chrm           #...         12%         1    ##.....

Your spell library contained the following spells:

 Spells                   Type           Power        Failure   Level  Hunger
 Magic Dart               Conj           #...         41%         1    ##.....
 Conjure Flame            Conj/Fire      #.......     80%         3    ####...
 Slow                     Hex            #.......     56%         2    ###....
 Mephitic Cloud           Conj/Pois/Air  #.......     80%         3    ####...
 Blink                    Tloc           N/A          56%         2    ###....
 Call Imp                 Summ           #.......     56%         2    ###....
 Regeneration             Chrm/Necr      #.........   56%         3    ####...
 Spider Form              Tmut/Pois      #.........   80%         3    ####...
 Blade Hands              Tmut           #.........   100%        5    ######.
 Ice Form                 Ice/Tmut       #.......     99%         4    #####..
 Sticks to Snakes         Tmut           #.......     56%         2    ###....
 Shroud of Golubria       Chrm/Tloc      #.........   34%         2    ###....
 Beastly Appendage        Tmut           #.....       41%         1    ##.....
 Song of Slaying          Chrm           #.......     19%         2    ###....
 Spectral Weapon          Hex/Chrm       #.......     56%         3    ####...


Dungeon Overview and Level Annotations

Branches:
Dungeon (6/15)
 Temple: D:4-7

Altars:

Annotations:
D:3 exclusion: downstairs


Message History

You barely miss the orc warrior.
The orc warrior is severely wounded.
The orc warrior barely misses you.
You closely miss the orc warrior.
The orc warrior is severely wounded.
The orc warrior hits you with a trident!
You hit the orc warrior but do no damage.
The orc warrior is severely wounded.
The orc warrior closely misses you.
You barely miss the orc warrior.
The orc warrior is severely wounded.
The orc warrior hits you with a trident!
* * * LOW HITPOINT WARNING * * *
You barely miss the orc warrior.
The orc warrior is severely wounded.
You feel better. The orc warrior misses you.
A red film seems to cover your vision as you go berserk!
You feel yourself moving faster!
You feel mighty!
The orc warrior hits you with a trident!!
You die...

..# #.......#(#.#####.#### #.##
#.......#.#..........# #..#
#.........#######[##.# ##.#
#.........#.(...<))).. ##.#
#.........#.########.# ##.#
#.......#.#.# #.# ##.#
#########.#.########.#
##.##########........#..........#
'...............@o.....##########
###.#########.#........# # #..#
#.#.################# ##.##
#.#.................. #..#
#.#..###############.
##.#######.#..# #.
##..........#..# #.
#..............# #.
#..#.....##.##.# #.


You could see an orc warrior.

Vanquished Creatures
  2 sky beasts
  A necrophage (D:5)
  2 ogres
  A centaur (D:5)
  2 bullfrogs (D:6)
  A howler monkey (D:4)
  A crimson imp (D:5)
  A hound (D:4)
  A jelly (D:4)
  An orc priest (D:4)
  6 orc wizards
  6 worker ants
  Robin (D:4)
  A gnoll (D:1)
  2 adders (D:2)
  An ooze (D:3)
  2 worms
  2 dart slugs
  A leopard gecko (D:1)
  14 orcs
  6 giant cockroaches
  15 goblins
  6 hobgoblins
  7 jackals
  2 quokkas (D:3)
  A ball python (D:2)
  7 bats
  4 frilled lizards
  5 kobolds
  17 rats
119 creatures vanquished.

Vanquished Creatures (others)
  A sky beast (D:5)
1 creature vanquished.

Grand Total: 120 creatures vanquished

Notes
Turn   | Place    | Note
-------+----------+-------------------------------------------
     0 | D:1      | Kriby the Merfolk Skald began the quest for the Orb.
     0 | D:1      | Reached XP level 1. HP: 16/16 MP: 3/3
    99 | D:1      | Reached skill level 3 in Dodging
   147 | D:1      | Reached XP level 2. HP: 12/22 MP: 5/5
   698 | D:1      | Reached skill level 4 in Dodging
   796 | D:1      | Reached XP level 3. HP: 25/27 MP: 6/6
  1380 | D:2      | Reached XP level 4. HP: 22/33 MP: 0/7
  1589 | D:2      | Reached skill level 5 in Dodging
  2831 | D:3      | Reached XP level 5. HP: 35/38 MP: 2/8
  3059 | D:4      | Noticed Robin
  3272 | D:4      | Reached skill level 5 in Polearms
  3272 | D:4      | Reached skill level 6 in Dodging
  4260 | D:4      | Noticed an ogre
  4275 | D:4      | Killed an ogre
  4275 | D:4      | Reached skill level 7 in Dodging
  4275 | D:4      | Reached XP level 6. HP: 8/44 MP: 9/9
  5068 | D:4      | Reached skill level 8 in Dodging
  5091 | D:4      | Reached XP level 7. HP: 46/50 MP: 10/10
  5105 | D:4      | Killed Robin
  5433 | D:5      | Entered Level 5 of the Dungeon
  5755 | D:4      | Reached skill level 9 in Dodging
  6112 | D:5      | Reached XP level 8. HP: 48/56 MP: 11/11
  6221 | D:5      | Reached skill level 10 in Dodging
  7576 | D:6      | Reached skill level 11 in Dodging
  7732 | D:5      | Mangled by an orc warrior

Vault maps used:
D:1:      minmay_arrival_stair_chambers, hangedman_feature_mirror,
          minmay_splitting_lines, serial_bayou_crossing
D:2:      minivault_5
D:3:      first_ration
D:4:      minmay_misc_feat_rows, uniq_robin
D:6:      kennysheep_pointless_box, minmay_misc_feat_iff, serial_bayou_lake_a

Skill      XL: |  1  2  3  4  5  6  7  8 |
---------------+-------------------------+-----
Dodging        | 3 4 5 7 8 9 11 | 11.0
Polearms       | 4 5 6 7 8 |  8.8
Fighting       | |  2.1
Armour         | |  0.6
Spellcasting   | |  2.0
Charms         | |  3.2

Action                   |  1- 3 |  4- 6 |  7- 9 || total
-------------------------+-------+-------+-------++-------
Melee: Spear             |   146 |   141 |       ||   287
       Trident           |       |   102 |   309 ||   411
 Cast: Infusion          |     3 |     5 |       ||     8
  Use: Potion            |       |     2 |     9 ||    11
       Scroll            |       |       |     1 ||     1
 Stab: Invisible         |       |       |     1 ||     1
  Eat: Chunk             |     2 |    12 |     7 ||    21
Armor: Leather armour    |    14 |       |       ||    14
       Ring mail         |     8 |    49 |    62 ||   119
Dodge: Dodged            |    60 |   124 |   186 ||   370

Table legend:
 A = Spawn XP
 B = Non-spawn XP
 C = Spawn XP percentage of total XP
 D = Spawn monster count
 E = Non-spawn monster count
 F = Spawn count percentage of total count
 G = Total turns spent on level
                    A         B        C        D         E        F      G
               +---------+---------+-------+---------+---------+-------+---------
         Total |       0 |    1889 |   0.0 |       0 |     120 |   0.0 |  7732
               +---------+---------+-------+---------+---------+-------+---------
           D:1 |       0 |      50 |   0.0 |       0 |      24 |   0.0 |   991
           D:2 |       0 |      51 |   0.0 |       0 |      20 |   0.0 |   854
           D:3 |       0 |      76 |   0.0 |       0 |      21 |   0.0 |  1646
           D:4 |       0 |     748 |   0.0 |       0 |      29 |   0.0 |  2220
           D:5 |       0 |     781 |   0.0 |       0 |      24 |   0.0 |  1960
           D:6 |       0 |     183 |   0.0 |       0 |       2 |   0.0 |    61
               +---------+---------+-------+---------+---------+-------+---------
